 Dungeon Crawl Stone Soup version 0.30.0-20-g3615ddf2f0 (webtiles) character file.

Game seed: 3250097345519662495

32855 qw the Cleaver (level 13, -4/84 HPs)
             Began as a Gargoyle Fighter on May 27, 2023.
             Was an Elder of Okawaru.
             Slain by a four-headed hydra (8 damage)
             ... on level 5 of the Lair of Beasts.
             The game lasted 00:08:47 (16123 turns).

qw the Cleaver (Gargoyle Fighter)                  Turns: 16123, Time: 00:08:47

Health: -4/84      AC: 37    Str: 26    XL:     13   Next: 67%
Magic:  18/19      EV: 11    Int:  8    God:    Okawaru [****..]
Gold:   862        SH:  7    Dex: 15    Spells: 12/12 levels left

rFire   . . .        q - +3 morningstar (freeze)
rCold   . . .        c - +0 buckler
rNeg    + . .        k - +0 plate armour
rPois   inf          l - +2 hat
rElec   +            h - +0 cloak
rCorr   .            r - +0 pair of gloves
SInv    .            a - +0 pair of boots
Will    .....        (no amulet) Stlth
                     t - +4 ring of protection
HPRegen 0.34/turn    v - +6 ring of dexterity
MPRegen 0.16/turn

%: no passive effects
@: about to teleport, heroic
A: sickness immunity, AC +9, negative energy resistance 1, electricity
resistance, torment resistance 1, petrification resistance
a: Renounce Religion, Heroism, Finesse


You were on level 5 of the Lair of Beasts.
You worshipped Okawaru.
Okawaru was greatly pleased with you.
You visited 3 branches of the dungeon, and saw 16 of its levels.
You also visited: Ossuary.

You collected 1044 gold pieces.
You spent 182 gold pieces at shops.


Innate Abilities, Weirdness & Mutations

You are immune to sickness and miasma.
Your stone body is resilient. (AC +9)
You are immune to poison.
You resist negative energy. (rN+)
You are resistant to electric shocks. (rElec)
You are resistant to unholy torment.
You are immune to petrification.


   Skills:
 - Level 11.0(16.0) Fighting
 + Level 14.6(19.6) Axes
 - Level 2.1(7.1) Throwing
 - Level 10.0(15.0) Armour
 - Level 3.0(8.0) Dodging
 - Level 7.1(12.1) Shields
 + Level 9.0 Invocations


You had 12 spell levels left.
You didn't know any spells.
Your spell library was empty.

Inventory:

Hand Weapons
 q - a +3 morningstar of freezing (weapon)
 Y - a +4 war axe
Armour
 a - a +0 pair of boots (worn)
 c - a +0 buckler (worn)
 h - a +0 cloak (worn)
 k - a +0 plate armour (worn)
 l - a +2 hat (worn)
 r - a +0 pair of gloves (worn)
Jewellery
 o - a ring of fire
 t - a +4 ring of protection (left hand)
 v - a +6 ring of dexterity (right hand)
Wands
 x - a wand of digging (7)
Scrolls
 p - 7 scrolls of identify
 s - 5 scrolls of teleportation
Potions
 b - 2 potions of mutation
 d - 4 potions of might
 e - a potion of haste
 i - 8 potions of attraction
 j - 2 potions of magic
 m - a potion of cancellation
 n - 2 potions of curing
 u - 2 potions of lignification

Dungeon Overview and Level Annotations

Branches:
Dungeon (10/15)            Temple (1/1) D:7            Lair (5/5) D:10
  Swamp (0/4) Lair:2        Slime (0/5) Lair:4      Ossuary (visited)
  Snake: Lair:2-3    Spider: Lair:2-3       Orc: D:9-12

Altars:
Ashenzari
Cheibriados
Dithmenos
Elyvilon
Fedhas
Gozag
Hepliaklqana
Kikubaaqudgha
Makhleb
Nemelex Xobeh
Okawaru
Qazlal
Ru
Sif Muna
Trog
Uskayaw
Vehumet
Wu Jian
Xom
Yredelemnul
Zin
The Shining One
Jiyva

Shops:
D:10 ?

Annotations:
Lair:1 2 transporters, Sammaje's ghost, novice MiBe
Lair:4 1 runed translucent door


Message History

16116 ||| SWAPPING to +4 war axe.
Your +3 morningstar of freezing stops glowing.
Y - a +4 war axe (weapon)
You hit the yak.
The yak is lightly wounded.
You slash the yak!
Your surroundings suddenly seem different.
A four-headed hydra and a blink frog come into view.
The four-headed hydra roars!
The blink frog gives a loud, deep croak!
You hear a trumpeting!
You hear a roar!
You hear an angry hiss.
Enter note:
16118 ||| READING 6 scrolls of teleportation.
As you read the scroll of teleportation, it crumbles to dust.
You feel strangely unstable. The blink frog closely misses you.
A five-headed hydra comes into view.
The blink frog blinks!
16120 ||| SWAPPING to +3 morningstar of freezing.
Your +3 morningstar of freezing glows with a cold blue light!
q - a +3 morningstar of freezing (weapon)
You block the four-headed hydra's attack. x2
The four-headed hydra barely misses you.
The four-headed hydra closely misses you.
You bludgeon the four-headed hydra!! You freeze the four-headed hydra.
The four-headed hydra is moderately wounded.
You barely miss the four-headed hydra.
The four-headed hydra is moderately wounded.
You block the four-headed hydra's attack. x2
The four-headed hydra closely misses you.
The four-headed hydra bites you but does no damage.
The blink frog blinks!
You impale the four-headed hydra!!
The four-headed hydra seems to slow down.
You freeze the four-headed hydra.
The four-headed hydra is severely wounded.
You block the blink frog's attack.
The four-headed hydra bites you but does no damage.
The four-headed hydra bites you!
You die... 7 7

...
....777777..7
7...F@D.7
777.D.777


77777 You could see a five-headed hydra, a four-headed hydra (slow) and a blink
frog.

Vanquished Creatures
  Kirke (Lair:4)
  4 hydras
  Erica (D:10)
  A boulder beetle (D:10)
  3 two-headed ogres
  A fire crab (Lair:4)
  2 skysharks
  A lindwurm (Lair:5)
  An ugly thing (D:9)
  A manticore (D:9)
  7 elephants
  4 black mambas
  4 cane toads
  A torpor snail (Lair:4)
  2 gargoyles (D:9)
  An unseen horror (D:10)
  A rime drake (Lair:2)
  5 komodo dragons
  3 polar bears
  A hornet (Lair:1)
  8 blink frogs
  4 dream sheep (Lair:5)
  23 yaks
  2 hogs (Lair:4)
  5 wyverns
  5 basilisks
  5 humans (Lair:4)
  A steam dragon (D:6)
  4 vampire mosquitoes (Lair:2)
  8 water moccasins
  3 sky beasts
  3 ice beasts
  2 orc warriors (D:9)
  2 black bears (D:6)
  An ogre (D:7)
  15 wolves
  5 centaurs
  4 phantoms
  An elf zombie (Ossuary)
  7 bullfrogs
  A wyvern zombie (D:5)
  5 kobold brigands
  A gnoll sergeant (D:10)
  2 scorpions
  12 wights
  A wyvern skeleton (D:5)
  5 killer bees (D:9)
  6 electric eels
  2 howler monkeys (D:10)
  A human zombie (Ossuary)
  4 centaur zombies
  A bullfrog zombie (D:5)
  4 hounds
  3 jellies
  3 gnoll boudas
  5 orc priests
  A bullfrog skeleton (D:5)
  A centaur skeleton (D:5)
  2 sleepcaps
  Ijyb (D:4)
  6 orc wizards
  A killer bee zombie (D:5)
  3 mummies
  A howler monkey skeleton (D:5)
  16 gnolls
  13 adders
  5 white imps
  A howler monkey simulacrum (D:10)
  2 ufetubi (D:6)
  2 adder zombies
  2 worms
  4 dart slugs
  40 orcs
  10 ball pythons
  9 bats
  4 endoplasms
  3 giant cockroaches
  7 goblins
  4 hobgoblins
  9 jackals (D:1)
  4 quokkas
  3 frilled lizards (D:1)
  2 goblin zombies (Ossuary)
  12 hobgoblin zombies
  33 kobolds
  13 kobold zombies
  9 orc zombies
  8 rats
440 creatures vanquished.

Notes
Turn   | Place    | Note
-------+----------+-------------------------------------------
     0 | D:1      | qw the Gargoyle Fighter began the quest for the Orb.
     0 | D:1      | Reached XP level 1. HP: 14/14 MP: 1/1
     0 | D:1      | 0 ||| qw: Version: 0.2-a-99-gce666ed
     0 | D:1      | 0 ||| qw: Game counter: 137
     0 | D:1      | 0 ||| qw: Always use a shield: true
     0 | D:1      | 0 ||| qw: God list: Okawaru
     0 | D:1      | 0 ||| qw: Allow faded altars: false
     0 | D:1      | 0 ||| qw: Do Orc after D:15 true
     0 | D:1      | 0 ||| qw: Do second Lair branch before Depths: true
     0 | D:1      | 0 ||| qw: Lair rune preference: random
     0 | D:1      | 0 ||| qw: Plans: Normal, Zot:1-4, God:TSO, Crypt, Tomb,
                  | Pan, Slime:5, Hells, Abyss, Win
     0 | D:1      | 0 ||| PLANNING D:1-11
    39 | D:1      | 39 ||| Stepping ~*~*~tactically~*~*~ (stealth).
    46 | D:1      | Reached skill level 2 in Axes
   220 | D:1      | Reached XP level 2. HP: 19/19 MP: 2/2
   413 | D:1      | Reached skill level 3 in Axes
   455 | D:1      | Reached XP level 3. HP: 23/23 MP: 3/3
   553 | D:1      | 553 ||| Stepping ~*~*~tactically~*~*~ (hiding).
   846 | D:1      | 846 ||| UPGRADING to +0 plate armour.
   856 | D:1      | 856 ||| DROPPING +0 scale mail.
   857 | D:1      | 857 ||| READING scroll labelled PISOBU LAMPAA.
   858 | D:1      | 858 ||| READING scroll labelled ZOOWANEIVY.
   859 | D:1      | 859 ||| READING scroll labelled LAILEV TITENG.
   863 | D:1      | 863 ||| READING scroll labelled LOT XE ZATE.
   864 | D:1      | 864 ||| DRINKING 2 inky potions.
   939 | D:2      | 939 ||| Stepping ~*~*~tactically~*~*~ (stealth).
   946 | D:2      | 946 ||| FLEEEEING.
   982 | D:2      | Reached skill level 1 in Throwing
   982 | D:2      | Reached XP level 4. HP: 28/28 MP: 4/4
  1132 | D:2      | 1132 ||| UPGRADING to +0 pair of boots.
  1143 | D:2      | 1143 ||| READING scroll labelled PECOPUGR LUEFEOFEN.
  1177 | D:2      | Reached skill level 4 in Axes
  1193 | D:2      | 1193 ||| DROPPING +0 club.
  1626 | D:2      | 1626 ||| DROPPING scarf of invisibility.
  1627 | D:2      | 1627 ||| DROPPING +6 ring of intelligence.
  1628 | D:2      | 1628 ||| READING scroll labelled QIAHECWAWIL.
  1629 | D:2      | 1629 ||| READING scroll labelled JARUOT HIOTA.
  1671 | D:3      | Reached XP level 5. HP: 32/32 MP: 5/5
  1747 | D:3      | 1747 ||| Stepping ~*~*~tactically~*~*~ (hiding).
  1751 | D:3      | Reached skill level 5 in Axes
  1861 | D:3      | 1861 ||| DROPPING +0 mace of protection.
  1934 | D:3      | Found a faded altar of an unknown god.
  2231 | D:3      | Found a shimmering altar of Xom.
  2231 | D:3      | Found a sacrificial altar of Ru.
  2370 | D:3      | 2370 ||| UPGRADING to +0 pair of gloves.
  2375 | D:3      | 2375 ||| READING scroll labelled PUXTAD LIXEY.
  2376 | D:3      | 2376 ||| READING 3 scrolls labelled OCVEAHASHU.
  2377 | D:3      | 2377 ||| READING scroll labelled HEN JESTRIVVU.
  2378 | D:3      | 2378 ||| READING scroll labelled PYACWE KION.
  2400 | D:3      | 2400 ||| DRINKING 2 metallic white potions.
  2401 | D:3      | 2401 ||| DROPPING 2 scrolls of noise.
  2426 | D:4      | 2426 ||| PLANNING OSSUARY
  2483 | D:4      | Noticed Ijyb
  2485 | D:4      | 2485 ||| Stepping ~*~*~tactically~*~*~ (hiding).
  2500 | D:4      | Killed Ijyb
  2501 | D:4      | Reached XP level 6. HP: 33/38 MP: 6/6
  2501 | D:4      | 2501 ||| FLEEEEING.
  2502 | D:4      | 2502 ||| FLEEEEING.
  2503 | D:4      | 2503 ||| FLEEEEING.
  2504 | D:4      | 2504 ||| FLEEEEING.
  2515 | D:4      | 2515 ||| FLEEEEING.
  2516 | D:4      | 2516 ||| FLEEEEING.
  2517 | D:4      | 2517 ||| FLEEEEING.
  2518 | D:4      | 2518 ||| FLEEEEING.
  2519 | D:4      | 2519 ||| FLEEEEING.
  2520 | D:4      | 2520 ||| FLEEEEING.
  2521 | D:4      | 2521 ||| FLEEEEING.
  2522 | D:4      | 2522 ||| FLEEEEING.
  2523 | D:4      | 2523 ||| FLEEEEING.
  2524 | D:4      | 2524 ||| FLEEEEING.
  2525 | D:4      | 2525 ||| FLEEEEING.
  2531 | D:4      | 2531 ||| FLEEEEING.
  2539 | D:4      | 2539 ||| FLEEEEING.
  2540 | D:4      | 2540 ||| FLEEEEING.
  2541 | D:4      | 2541 ||| FLEEEEING.
  2542 | D:4      | 2542 ||| FLEEEEING.
  2546 | D:4      | 2546 ||| FLEEEEING.
  2547 | D:4      | 2547 ||| FLEEEEING.
  2551 | D:4      | 2551 ||| FLEEEEING.
  2552 | D:4      | 2552 ||| FLEEEEING.
  2577 | D:4      | 2577 ||| Stepping ~*~*~tactically~*~*~ (stealth).
  2676 | D:4      | 2676 ||| Stepping ~*~*~tactically~*~*~ (hiding).
  2698 | D:4      | 2698 ||| Stepping ~*~*~tactically~*~*~ (stealth).
  2699 | D:4      | 2699 ||| Stepping ~*~*~tactically~*~*~ (stealth).
  2699 | D:4      | Found a shimmering blue altar of Sif Muna.
  2706 | D:4      | Reached skill level 6 in Axes
  2706 | D:4      | Reached XP level 7. HP: 42/43 MP: 7/7
  2845 | D:4      | 2845 ||| FLEEEEING.
  2979 | D:4      | Found a sand-covered staircase.
  2980 | D:4      | 2980 ||| DRINKING 3 fuming silvery potions.
  2989 | Ossuary  | Entered an ossuary
  3058 | Ossuary  | 3058 ||| FLEEEEING.
  3059 | Ossuary  | 3059 ||| FLEEEEING.
  3063 | Ossuary  | 3063 ||| FLEEEEING.
  3064 | Ossuary  | 3064 ||| FLEEEEING.
  3075 | Ossuary  | 3075 ||| FLEEEEING.
  3076 | Ossuary  | 3076 ||| FLEEEEING.
  3077 | Ossuary  | 3077 ||| FLEEEEING.
  3078 | Ossuary  | 3078 ||| FLEEEEING.
  3082 | Ossuary  | 3082 ||| FLEEEEING.
  3083 | Ossuary  | 3083 ||| FLEEEEING.
  3338 | Ossuary  | 3338 ||| READING scroll labelled BYISHO GIGROE.
  3339 | Ossuary  | 3339 ||| DRINKING 2 brown potions.
  3340 | Ossuary  | 3340 ||| DROPPING potion of invisibility.
  3349 | D:4      | 3349 ||| PLANNING D:1-11
  3410 | D:4      | 3410 ||| Stepping ~*~*~tactically~*~*~ (hiding).
  3413 | D:4      | 3413 ||| Stepping ~*~*~tactically~*~*~ (hiding).
  3679 | D:4      | 3679 ||| DRINKING 2 fuming puce potions.
  3680 | D:4      | 3680 ||| READING 2 scrolls of identify.
  3680 | D:4      | 3680 ||| IDENTIFYING emerald potion
  3681 | D:4      | 3681 ||| DROPPING potion of degeneration.
  3712 | D:5      | Entered Level 5 of the Dungeon
  3740 | D:5      | 3740 ||| Stepping ~*~*~tactically~*~*~ (stealth).
  3755 | D:5      | Reached skill level 7 in Axes
  3756 | D:5      | 3756 ||| READING 5 scrolls of teleportation.
  3757 | D:5      | HP: 6/44 [wyvern zombie (6)]
  3758 | D:5      | 3758 ||| DRINKING potion of heal wounds.
  3760 | D:5      | Reached XP level 8. HP: 25/49 MP: 8/8
  3773 | D:5      | 3773 ||| Stepping ~*~*~tactically~*~*~ (stealth).
  3854 | D:5      | 3854 ||| Stepping ~*~*~tactically~*~*~ (hiding).
  4353 | D:5      | Found a glowing silver altar of Zin.
  4353 | D:5      | Noticed an angel
  4450 | D:5      | 4450 ||| FLEEEEING.
  4451 | D:5      | 4451 ||| FLEEEEING.
  4452 | D:5      | 4452 ||| FLEEEEING.
  4453 | D:5      | 4453 ||| STAIRDANCE
  4472 | D:4      | 4472 ||| READING 2 scrolls of identify.
  4472 | D:4      | 4472 ||| IDENTIFYING silvery potion
  4490 | D:5      | 4490 ||| Stepping ~*~*~tactically~*~*~ (hiding).
  4568 | D:5      | Reached skill level 8 in Axes
  4915 | D:6      | Reached skill level 1 in Dodging
  4941 | D:6      | Found a snail-covered altar of Cheibriados.
  4999 | D:6      | 4999 ||| Stepping ~*~*~tactically~*~*~ (hiding).
  5009 | D:6      | Reached XP level 9. HP: 51/55 MP: 9/9
  5010 | D:6      | Reached skill level 6 in Fighting
  5098 | D:6      | 5098 ||| Stepping ~*~*~tactically~*~*~ (hiding).
  5132 | D:6      | 5132 ||| FLEEEEING.
  5221 | D:6      | 5221 ||| Stepping ~*~*~tactically~*~*~ (stealth).
  5230 | D:6      | Reached skill level 9 in Axes
  5326 | D:6      | 5326 ||| Stepping ~*~*~tactically~*~*~ (stealth).
  5353 | D:6      | HP: 9/55 [wight/+1 spear of freezing (6)]
  5354 | D:6      | 5354 ||| READING 4 scrolls of teleportation.
  5362 | D:6      | 5362 ||| FLEEEEING.
  5371 | D:6      | 5371 ||| STAIRDANCE
  5614 | D:6      | 5614 ||| Stepping ~*~*~tactically~*~*~ (hiding).
  5625 | D:6      | Reached skill level 6 in Armour
  5632 | D:6      | 5632 ||| Stepping ~*~*~tactically~*~*~ (stealth).
  5633 | D:6      | 5633 ||| Stepping ~*~*~tactically~*~*~ (stealth).
  5676 | D:6      | 5676 ||| Stepping ~*~*~tactically~*~*~ (stealth).
  5834 | D:6      | 5834 ||| Stepping ~*~*~tactically~*~*~ (cloud).
  5867 | D:6      | 5867 ||| Stepping ~*~*~tactically~*~*~ (stealth).
  5869 | D:6      | 5869 ||| Stepping ~*~*~tactically~*~*~ (stealth).
  5870 | D:6      | 5870 ||| Stepping ~*~*~tactically~*~*~ (stealth).
  5871 | D:6      | 5871 ||| Stepping ~*~*~tactically~*~*~ (stealth).
  5872 | D:6      | 5872 ||| Stepping ~*~*~tactically~*~*~ (stealth).
  5897 | D:6      | 5897 ||| Stepping ~*~*~tactically~*~*~ (stealth).
  5914 | D:6      | 5914 ||| Stepping ~*~*~tactically~*~*~ (stealth).
  6035 | D:6      | 6035 ||| UPGRADING to +0 cloak.
  6445 | D:7      | Reached skill level 10 in Axes
  6600 | D:7      | 6600 ||| SWAPPING to +4 war axe.
  6601 | D:7      | 6601 ||| DROPPING +1 war axe.
  6669 | D:7      | Reached XP level 10. HP: 63/63 MP: 10/10
  6671 | D:7      | Found a staircase to the Ecumenical Temple.
  6672 | D:7      | 6672 ||| PLANNING TEMPLE
  6672 | D:7      | 6672 ||| DROPPING amulet of magic regeneration.
  6681 | Temple   | Entered the Ecumenical Temple
  6685 | Temple   | 6685 ||| PLANNING OKAWARU WORSHIP
  6821 | Temple   | Became a worshipper of Warmaster Okawaru
  6821 | Temple   | 6821 ||| PLANNING D:1-11
  6869 | D:7      | Found a shadowy altar of Dithmenos.
  7342 | D:8      | Found a bloodstained altar of Trog.
  7343 | D:8      | 7343 ||| Stepping ~*~*~tactically~*~*~ (hiding).
  7530 | D:8      | 7530 ||| Stepping ~*~*~tactically~*~*~ (stealth).
  7540 | D:8      | 7540 ||| Stepping ~*~*~tactically~*~*~ (hiding).
  7541 | D:8      | 7541 ||| Stepping ~*~*~tactically~*~*~ (hiding).
  7783 | D:8      | 7783 ||| Stepping ~*~*~tactically~*~*~ (stealth).
  7786 | D:8      | 7786 ||| Stepping ~*~*~tactically~*~*~ (stealth).
  7808 | D:8      | 7808 ||| DRINKING 3 potions of curing.
  7808 | D:8      | 7808 ||| (to cure confusion)
  7934 | D:8      | 7934 ||| DRINKING 2 potions of curing.
  7934 | D:8      | 7934 ||| (to cure confusion)
  7943 | D:8      | 7943 ||| Stepping ~*~*~tactically~*~*~ (hiding).
  7946 | D:8      | Reached * piety under Okawaru
  7951 | D:8      | Noticed a two-headed ogre
  7952 | D:8      | 7952 ||| INVOKING Heroism.
  7966 | D:8      | Killed a two-headed ogre
  7967 | D:8      | 7967 ||| INVOKING Heroism.
  7982 | D:8      | 7982 ||| INVOKING Heroism.
  8106 | D:8      | 8106 ||| DROPPING +0 flail.
  8136 | D:8      | Reached skill level 1 in Invocations
  8258 | D:9      | 8258 ||| Stepping ~*~*~tactically~*~*~ (hiding).
  8259 | D:9      | 8259 ||| Stepping ~*~*~tactically~*~*~ (hiding).
  8315 | D:9      | 8315 ||| Stepping ~*~*~tactically~*~*~ (stealth).
  8334 | D:9      | 8334 ||| INVOKING Heroism.
  8341 | D:9      | Reached skill level 11 in Axes
  8399 | D:9      | 8399 ||| Stepping ~*~*~tactically~*~*~ (hiding).
  8402 | D:9      | 8402 ||| INVOKING Heroism.
  8473 | D:9      | Noticed a gargoyle
  8474 | D:9      | 8474 ||| Stepping ~*~*~tactically~*~*~ (hiding).
  8483 | D:9      | 8483 ||| INVOKING Heroism.
  8486 | D:9      | Killed a gargoyle
  8487 | D:9      | Reached skill level 3 in Invocations
  8568 | D:9      | Noticed a manticore
  8569 | D:9      | 8569 ||| Stepping ~*~*~tactically~*~*~ (hiding).
  8571 | D:9      | 8571 ||| INVOKING Heroism.
  8579 | D:9      | Killed a manticore
  8617 | D:9      | 8617 ||| Stepping ~*~*~tactically~*~*~ (stealth).
  8620 | D:9      | 8620 ||| Stepping ~*~*~tactically~*~*~ (stealth).
  8625 | D:9      | Reached XP level 11. HP: 68/68 MP: 14/14
  8629 | D:9      | 8629 ||| Stepping ~*~*~tactically~*~*~ (hiding).
  8698 | D:9      | 8698 ||| Stepping ~*~*~tactically~*~*~ (hiding).
  8713 | D:9      | 8713 ||| Stepping ~*~*~tactically~*~*~ (hiding).
  8714 | D:9      | 8714 ||| Stepping ~*~*~tactically~*~*~ (hiding).
  8715 | D:9      | 8715 ||| Stepping ~*~*~tactically~*~*~ (hiding).
  8754 | D:9      | 8754 ||| INVOKING Heroism.
  8755 | D:9      | HP: 17/68 [gargoyle/stone arrow (18)]
  8756 | D:9      | 8756 ||| READING 5 scrolls of teleportation.
  8757 | D:9      | 8757 ||| DRINKING potion of heal wounds.
  8785 | D:9      | 8785 ||| Stepping ~*~*~tactically~*~*~ (stealth).
  8786 | D:9      | 8786 ||| Stepping ~*~*~tactically~*~*~ (stealth).
  8788 | D:9      | 8788 ||| Stepping ~*~*~tactically~*~*~ (stealth).
  8789 | D:9      | 8789 ||| Stepping ~*~*~tactically~*~*~ (stealth).
  8790 | D:9      | 8790 ||| Stepping ~*~*~tactically~*~*~ (stealth).
  8791 | D:9      | 8791 ||| Stepping ~*~*~tactically~*~*~ (stealth).
  8792 | D:9      | 8792 ||| Stepping ~*~*~tactically~*~*~ (stealth).
  8793 | D:9      | 8793 ||| Stepping ~*~*~tactically~*~*~ (stealth).
  8802 | D:9      | 8802 ||| Stepping ~*~*~tactically~*~*~ (stealth).
  8803 | D:9      | 8803 ||| Stepping ~*~*~tactically~*~*~ (stealth).
  8804 | D:9      | 8804 ||| Stepping ~*~*~tactically~*~*~ (stealth).
  8805 | D:9      | 8805 ||| Stepping ~*~*~tactically~*~*~ (stealth).
  8806 | D:9      | 8806 ||| Stepping ~*~*~tactically~*~*~ (stealth).
  8807 | D:9      | 8807 ||| Stepping ~*~*~tactically~*~*~ (stealth).
  8808 | D:9      | 8808 ||| Stepping ~*~*~tactically~*~*~ (stealth).
  8815 | D:9      | 8815 ||| Stepping ~*~*~tactically~*~*~ (stealth).
  8816 | D:9      | 8816 ||| Stepping ~*~*~tactically~*~*~ (stealth).
  8817 | D:9      | 8817 ||| Stepping ~*~*~tactically~*~*~ (stealth).
  8818 | D:9      | 8818 ||| Stepping ~*~*~tactically~*~*~ (stealth).
  8822 | D:9      | 8822 ||| Stepping ~*~*~tactically~*~*~ (stealth).
  8862 | D:9      | 8862 ||| Stepping ~*~*~tactically~*~*~ (hiding).
  8887 | D:9      | 8887 ||| INVOKING Heroism.
  9106 | D:9      | 9106 ||| Stepping ~*~*~tactically~*~*~ (hiding).
  9167 | D:9      | Noticed a red ugly thing
  9176 | D:9      | Killed a red ugly thing
  9177 | D:9      | Reached skill level 9 in Fighting
  9250 | D:9      | Noticed a two-headed ogre
  9251 | D:9      | 9251 ||| INVOKING Heroism.
  9257 | D:9      | Killed a two-headed ogre
  9569 | D:10     | Entered Level 10 of the Dungeon
  9669 | D:10     | 9669 ||| DROPPING +0 heavy war axe.
  9689 | D:10     | 9689 ||| Stepping ~*~*~tactically~*~*~ (hiding).
  9699 | D:10     | 9699 ||| Stepping ~*~*~tactically~*~*~ (stealth).
  9702 | D:10     | 9702 ||| Stepping ~*~*~tactically~*~*~ (stealth).
  9717 | D:10     | 9717 ||| INVOKING Heroism.
  9765 | D:10     | 9765 ||| FLEEEEING.
  9766 | D:10     | 9766 ||| FLEEEEING.
  9767 | D:10     | 9767 ||| FLEEEEING.
  9768 | D:10     | 9768 ||| FLEEEEING.
  9769 | D:10     | 9769 ||| FLEEEEING.
  9770 | D:10     | 9770 ||| FLEEEEING.
  9771 | D:10     | 9771 ||| FLEEEEING.
  9772 | D:10     | 9772 ||| FLEEEEING.
  9773 | D:10     | 9773 ||| FLEEEEING.
  9775 | D:10     | 9775 ||| FLEEEEING.
  9776 | D:10     | 9776 ||| FLEEEEING.
  9777 | D:10     | 9777 ||| FLEEEEING.
  9780 | D:10     | 9780 ||| FLEEEEING.
  9781 | D:10     | 9781 ||| FLEEEEING.
  9782 | D:10     | 9782 ||| FLEEEEING.
  9783 | D:10     | 9783 ||| FLEEEEING.
  9785 | D:10     | 9785 ||| INVOKING Heroism.
  9858 | D:10     | Noticed Erica
  9859 | D:10     | 9859 ||| INVOKING Heroism.
  9885 | D:10     | Killed Erica
  9886 | D:10     | Reached skill level 12 in Axes
  9915 | D:10     | HP: 17/71 [something (4)]
 10023 | D:10     | 10023 ||| FLEEEEING.
 10024 | D:10     | 10024 ||| FLEEEEING.
 10025 | D:10     | 10025 ||| FLEEEEING.
 10026 | D:10     | 10026 ||| INVOKING Heroism.
 10118 | D:10     | 10118 ||| Stepping ~*~*~tactically~*~*~ (hiding).
 10298 | D:10     | Found Roamyq's Magic Scroll Shop.
 10306 | D:10     | Found a staircase to the Lair.
 10314 | D:10     | 10314 ||| INVOKING Heroism.
 10320 | D:10     | Reached skill level 9 in Armour
 10442 | D:10     | 10442 ||| BUYING scroll of identify (28 gold).
 10442 | D:10     | Bought a scroll of identify for 28 gold pieces
 10442 | D:10     | 10442 ||| BUYING scroll of identify (28 gold).
 10442 | D:10     | Bought a scroll of identify for 28 gold pieces
 10442 | D:10     | 10442 ||| BUYING scroll of teleportation (42 gold).
 10442 | D:10     | Bought a scroll of teleportation for 42 gold pieces
 10442 | D:10     | 10442 ||| BUYING scroll of teleportation (42 gold).
 10442 | D:10     | Bought a scroll of teleportation for 42 gold pieces
 10442 | D:10     | 10442 ||| BUYING scroll of teleportation (42 gold).
 10442 | D:10     | Bought a scroll of teleportation for 42 gold pieces
 10460 | D:10     | Noticed a two-headed ogre
 10461 | D:10     | 10461 ||| INVOKING Heroism.
 10469 | D:10     | Killed a two-headed ogre
 10469 | D:10     | Reached ** piety under Okawaru
 10591 | D:10     | Noticed a boulder beetle
 10592 | D:10     | 10592 ||| INVOKING Heroism.
 10609 | D:10     | Reached skill level 6 in Shields
 10623 | D:10     | 10623 ||| INVOKING Heroism.
 10626 | D:10     | Killed a boulder beetle
 10705 | D:10     | 10705 ||| Stepping ~*~*~tactically~*~*~ (stealth).
 10740 | D:10     | Reached XP level 12. HP: 57/77 MP: 15/15
 10974 | D:10     | 10974 ||| PLANNING LAIR
 10974 | D:10     | 10974 ||| UPGRADING to +4 ring of protection.
 10975 | D:10     | 10975 ||| DRINKING 3 glowing coppery potions.
 10976 | D:10     | 10976 ||| READING 7 scrolls of identify.
 10976 | D:10     | 10976 ||| IDENTIFYING murky pink potion
 10977 | D:10     | 10977 ||| READING 6 scrolls of identify.
 10977 | D:10     | 10977 ||| IDENTIFYING pink potion
 10978 | D:10     | 10978 ||| READING 5 scrolls of identify.
 10978 | D:10     | 10978 ||| IDENTIFYING metallic inky potion
 10979 | D:10     | 10979 ||| DROPPING 2 potions of brilliance.
 10980 | D:10     | 10980 ||| DROPPING potion of berserk rage.
 11032 | Lair:1   | Entered Level 1 of the Lair of Beasts
 11103 | Lair:1   | Found a transporter.
 11111 | Lair:1   | Noticed Sammaje's ghost (novice MiBe)
 11138 | Lair:1   | Found a transporter.
 11230 | Lair:1   | 11230 ||| Stepping ~*~*~tactically~*~*~ (stealth).
 11245 | Lair:1   | Reached *** piety under Okawaru
 11255 | Lair:1   | 11255 ||| INVOKING Heroism.
 11257 | Lair:1   | Reached skill level 13 in Axes
 11404 | Lair:1   | 11404 ||| INVOKING Heroism.
 11520 | Lair:1   | 11520 ||| Stepping ~*~*~tactically~*~*~ (stealth).
 11521 | Lair:1   | 11521 ||| Stepping ~*~*~tactically~*~*~ (stealth).
 11523 | Lair:1   | 11523 ||| Stepping ~*~*~tactically~*~*~ (stealth).
 11524 | Lair:1   | 11524 ||| Stepping ~*~*~tactically~*~*~ (stealth).
 11664 | Lair:1   | 11664 ||| Stepping ~*~*~tactically~*~*~ (stealth).
 11665 | Lair:1   | 11665 ||| Stepping ~*~*~tactically~*~*~ (stealth).
 11666 | Lair:1   | 11666 ||| INVOKING Heroism.
 11683 | Lair:1   | Reached **** piety under Okawaru
 11769 | Lair:1   | Identified the +10 dagger of Gallantry {flame, Fragile
                  | rElec rN++ Int+2}
 11898 | Lair:1   | 11898 ||| INVOKING Heroism.
 11923 | Lair:1   | 11923 ||| INVOKING Heroism.
 12020 | Lair:1   | 12020 ||| INVOKING Heroism.
 12239 | Lair:1   | 12239 ||| UPGRADING to +2 hat.
 12244 | Lair:1   | 12244 ||| UPGRADING to +6 ring of dexterity.
 12245 | Lair:1   | 12245 ||| READING scroll labelled PIADIH CUOD.
 12305 | Lair:2   | Received a gift from Okawaru
 12335 | Lair:2   | Noticed a skyshark
 12347 | Lair:2   | Killed a skyshark
 12348 | Lair:2   | Reached skill level 3 in Dodging
 12490 | Lair:2   | 12490 ||| Stepping ~*~*~tactically~*~*~ (hiding).
 12623 | Lair:2   | 12623 ||| Stepping ~*~*~tactically~*~*~ (stealth).
 12625 | Lair:2   | 12625 ||| Stepping ~*~*~tactically~*~*~ (hiding).
 12798 | Lair:2   | 12798 ||| INVOKING Heroism.
 12805 | Lair:2   | Reached skill level 6 in Invocations
 12977 | Lair:2   | Found a staircase to the Swamp.
 13013 | Lair:2   | Reached skill level 14 in Axes
 13301 | Lair:2   | 13301 ||| READING 6 scrolls of identify.
 13301 | Lair:2   | 13301 ||| IDENTIFYING fuming ruby potion
 13302 | Lair:2   | 13302 ||| READING 5 scrolls of identify.
 13302 | Lair:2   | 13302 ||| IDENTIFYING dark potion
 13303 | Lair:2   | 13303 ||| DROPPING potion of flight.
 13329 | Lair:3   | 13329 ||| INVOKING Heroism.
 13367 | Lair:3   | 13367 ||| Stepping ~*~*~tactically~*~*~ (stealth).
 13373 | Lair:3   | 13373 ||| INVOKING Heroism.
 13383 | Lair:3   | Reached XP level 13. HP: 82/82 MP: 15/18
 13492 | Lair:3   | 13492 ||| INVOKING Heroism.
 13597 | Lair:3   | 13597 ||| Stepping ~*~*~tactically~*~*~ (stealth).
 13599 | Lair:3   | 13599 ||| INVOKING Heroism.
 14301 | Lair:4   | 14301 ||| INVOKING Heroism.
 14417 | Lair:4   | Identified the +6 spear of Bioc {pain, Fly rF+}
 14439 | Lair:4   | 14439 ||| Stepping ~*~*~tactically~*~*~ (stealth).
 14464 | Lair:4   | 14464 ||| FLEEEEING.
 14465 | Lair:4   | 14465 ||| FLEEEEING.
 14466 | Lair:4   | 14466 ||| FLEEEEING.
 14467 | Lair:4   | 14467 ||| FLEEEEING.
 14468 | Lair:4   | 14468 ||| FLEEEEING.
 14469 | Lair:4   | 14469 ||| FLEEEEING.
 14470 | Lair:4   | 14470 ||| FLEEEEING.
 14471 | Lair:4   | 14471 ||| FLEEEEING.
 14472 | Lair:4   | 14472 ||| FLEEEEING.
 14473 | Lair:4   | 14473 ||| FLEEEEING.
 14474 | Lair:4   | 14474 ||| FLEEEEING.
 14475 | Lair:4   | 14475 ||| FLEEEEING.
 14476 | Lair:4   | 14476 ||| FLEEEEING.
 14477 | Lair:4   | 14477 ||| FLEEEEING.
 14478 | Lair:4   | 14478 ||| FLEEEEING.
 14479 | Lair:4   | 14479 ||| FLEEEEING.
 14480 | Lair:4   | 14480 ||| FLEEEEING.
 14481 | Lair:4   | 14481 ||| INVOKING Heroism.
 14483 | Lair:4   | 14483 ||| SWAPPING to +3 morningstar of freezing.
 14490 | Lair:4   | 14490 ||| SWAPPING to +4 war axe.
 14639 | Lair:4   | 14639 ||| INVOKING Heroism.
 14678 | Lair:4   | 14678 ||| INVOKING Heroism.
 14682 | Lair:4   | 14682 ||| SWAPPING to +3 morningstar of freezing.
 14686 | Lair:4   | 14686 ||| SWAPPING to +4 war axe.
 14695 | Lair:4   | 14695 ||| Stepping ~*~*~tactically~*~*~ (stealth).
 14701 | Lair:4   | 14701 ||| Stepping ~*~*~tactically~*~*~ (stealth).
 14763 | Lair:4   | 14763 ||| Stepping ~*~*~tactically~*~*~ (cloud).
 14764 | Lair:4   | 14764 ||| INVOKING Heroism.
 14776 | Lair:4   | HP: 14/84 [something (9)]
 15041 | Lair:4   | 15041 ||| Stepping ~*~*~tactically~*~*~ (stealth).
 15058 | Lair:4   | 15058 ||| INVOKING Heroism.
 15347 | Lair:4   | 15347 ||| Stepping ~*~*~tactically~*~*~ (stealth).
 15348 | Lair:4   | 15348 ||| INVOKING Heroism.
 15351 | Lair:4   | 15351 ||| Stepping ~*~*~tactically~*~*~ (stealth).
 15354 | Lair:4   | 15354 ||| SWAPPING to +3 morningstar of freezing.
 15363 | Lair:4   | 15363 ||| SWAPPING to +4 war axe.
 15383 | Lair:4   | Noticed Kirke
 15384 | Lair:4   | 15384 ||| INVOKING Heroism.
 15399 | Lair:4   | Killed Kirke
 15759 | Lair:4   | Found a runed translucent door.
 15759 | Lair:4   | Found a viscous altar of Jiyva.
 15764 | Lair:4   | Found a staircase to the Slime Pits.
 15765 | Lair:4   | Noticed an azure jelly
 16037 | Lair:4   | 16037 ||| DROPPING +1 hat.
 16038 | Lair:4   | 16038 ||| READING scroll labelled BOGA LOZIDGHIJ.
 16062 | Lair:5   | Entered Level 5 of the Lair of Beasts
 16063 | Lair:5   | 16063 ||| INVOKING Heroism.
 16067 | Lair:5   | 16067 ||| SWAPPING to +3 morningstar of freezing.
 16073 | Lair:5   | HP: 18/84 [lindwurm (8)]
 16074 | Lair:5   | 16074 ||| READING 8 scrolls of teleportation.
 16074 | Lair:5   | HP: 6/84 [black mamba (7)]
 16075 | Lair:5   | 16075 ||| DRINKING 2 potions of heal wounds.
 16077 | Lair:5   | 16077 ||| DRINKING potion of heal wounds.
 16079 | Lair:5   | 16079 ||| SWAPPING to +4 war axe.
 16087 | Lair:5   | 16087 ||| FLEEEEING.
 16088 | Lair:5   | 16088 ||| FLEEEEING.
 16089 | Lair:5   | 16089 ||| FLEEEEING.
 16090 | Lair:5   | 16090 ||| FLEEEEING.
 16101 | Lair:5   | 16101 ||| SWAPPING to +3 morningstar of freezing.
 16110 | Lair:5   | 16110 ||| INVOKING Heroism.
 16111 | Lair:5   | HP: 17/84 [four-headed hydra (5)]
 16111 | Lair:5   | HP: 6/84 [four-headed hydra (11)]
 16112 | Lair:5   | 16112 ||| READING 7 scrolls of teleportation.
 16113 | Lair:5   | HP: 2/84 [yak[a torpor snail] (5)]
 16116 | Lair:5   | Reached skill level 9 in Invocations
 16116 | Lair:5   | 16116 ||| SWAPPING to +4 war axe.
 16118 | Lair:5   | 16118 ||| READING 6 scrolls of teleportation.
 16120 | Lair:5   | 16120 ||| SWAPPING to +3 morningstar of freezing.
 16123 | Lair:5   | Slain by a four-headed hydra

Levels and vault maps discovered:
D:1:      elethiomel_arrival_diamonds, layout_basic
D:2:      layout_loops_cross, minmay_3d_cube
D:3:      layout_basic, amethyst_overflow_temple_binary,
          shapermc_ecumenical_altar_mp_ritualfount
D:4:      layout_loops_ring, mainiacjoe_overflow_alcove_1,
          lightli_ossuary_entry_decrepit_ruins, minmay_mini_ossuary, uniq_ijyb
D:5:      layout_loops_ring, zin_angel, serial_undead, serial_undead_d,
          serial_undead_c, serial_undead_f, serial_undead_c, serial_undead_b,
          serial_undead_e
D:6:      layout_basic, cheibrodos_worm_habitat,
          hangedman_abyss_or_decor_lesser_grid, serial_bayou_pond_b,
          nicolae_half_adder
D:7:      layout_loops_corners, mainiacjoe_overflow_surrounded_room, temple_hall
D:8:      layout_basic, mainiacjoe_overflow_boulevard
D:9:      layout_loops_ring
D:10:     layout_cross, david_lair_generic, serial_shops, shop, serial_ice,
          serial_ice_a, serial_ice_n, serial_ice_h, serial_ice_k, uniq_erica
Temple:   nicolae_temple_superstar
Lair:1:   layout_gridlike, gammafunk_ghost_arena, st_stairs_5,
          grunt_megastairs_5, infiniplex_staircase_pool_2
Lair:2:   layout_gridlike, minmay_swamp_entry_swarm, special_room
Lair:3:   layout_loops_ring, nicolae_snake_entry_warm_welcome
Lair:4:   nzn_winding_woodlands_three_and_one
          [nzn_winding_woodlands_5x15_concentric,
          nzn_winding_woodlands_5x15_zeroes, nzn_winding_woodlands_5x15_eye,
          nzn_winding_woodlands_center_diamonds], layout_cave_pods,
          slime_entry_2, chequers_serial_rivers_micro_a,
          infiniplex_staircase_pool, serial_bayou_shore_a, uniq_kirke
Lair:5:   evil_forest, layout_gridlike, grunt_megastairs_2, uniq_rupert

Skill      XL: |  1  2  3  4  5  6  7  8  9 10 11 12 13 |
---------------+----------------------------------------+-----
Axes           | 2 3 4 5 6 7 8 10 11 12 14 | 14.6
Throwing       | 1 2 |  2.1
Fighting       | 4 5 7 8 10 11 | 11.0
Armour         | 4 5 6 7 9 10 | 10.0
Dodging        | 1 2 3 |  3.0
Shields        | 4 5 6 7 |  7.1
Invocations    | 4 6 9 |  9.0

Action                     |  1- 3 |  4- 6 |  7- 9 | 10-12 | 13-15 || total
---------------------------+-------+-------+-------+-------+-------++-------
  Melee: War axe           |    87 |   113 |   498 |   642 |   196 ||  1536
         Morningstar       |       |       |       |       |    40 ||    40
  Throw: Boomerang         |    11 |    24 |    13 |     2 |       ||    50
         Javelin           |     2 |    26 |    25 |       |       ||    53
 Invoke: Heroism           |       |       |       |    27 |    12 ||    39
    Use: Scroll            |     4 |     7 |     5 |     7 |     4 ||    27
         Potion            |     1 |     1 |     4 |     4 |     2 ||    12
 Armour: Scale mail        |    47 |       |       |       |       ||    47
         Plate armour      |     7 |    86 |   394 |   424 |   181 ||  1092
  Dodge: Dodged            |    37 |    21 |   144 |   211 |   107 ||   520
  Block: Buckler           |    15 |    20 |   105 |   150 |    79 ||   369

Table legend:
 A = Non-vault XP
 B = Vault XP
 C = Vault XP percentage of total XP
 D = Non-vault monster count
 E = Vault monster count
 F = Vault count percentage of total count
                 A         B        C        D         E       F
            +---------+---------+-------+---------+---------+-------
      Total |   30868 |   16069 |  34.2 |     306 |     129 |  29.7
            +---------+---------+-------+---------+---------+-------
        D:1 |      51 |       9 |  15.0 |      29 |       7 |  19.4
        D:2 |      86 |      17 |  16.5 |      18 |       4 |  18.2
        D:3 |     136 |       0 |   0.0 |      22 |       0 |   0.0
        D:4 |     307 |      58 |  15.9 |      23 |       6 |  20.7
        D:5 |     546 |     638 |  53.9 |      19 |      12 |  38.7
        D:6 |    1493 |     285 |  16.0 |      30 |      12 |  28.6
        D:7 |     805 |       0 |   0.0 |      13 |       0 |   0.0
        D:8 |    2787 |       0 |   0.0 |      33 |       0 |   0.0
        D:9 |    3885 |       0 |   0.0 |      33 |       0 |   0.0
       D:10 |    3804 |    3643 |  48.9 |      22 |      19 |  46.3
     Lair:1 |    6279 |    2146 |  25.5 |      20 |       8 |  28.6
     Lair:2 |    3403 |     740 |  17.9 |      15 |       4 |  21.1
     Lair:3 |    2671 |       0 |   0.0 |      14 |       0 |   0.0
     Lair:4 |    3821 |    5480 |  58.9 |      12 |      11 |  47.8
     Lair:5 |     794 |    2743 |  77.6 |       3 |       7 |  70.0
    Ossuary |       0 |     310 | 100.0 |       0 |      39 | 100.0
            +---------+---------+-------+---------+---------+-------
